AoeStats
← jusart.92

African Clearing

510589129Analyzed
3v3 RM · 14h ago on Oct 1, 2026· 21m 24s· 6 players
Game mode
Random Map
Map size
Normal (6 player)
Population
200
Speed
Normal
Resources
Standard
Victory
Conquest
Starting age
Dark Age
Ending age
Imperial Age
RankedLock teamsTeams togetherTeam positionsShared explorationLock speedFull tech treeHidden civsTurbo modeCheats
Victory
Defeat
🇨🇭 Vietnamese · Switzerland
1251
+12
🇨🇭 Mongols · Switzerland
1250
+12
🇨🇭 Huns · Switzerland
1111
+22
🇲🇽 Varangians · Mexico
1187
-15
🇹🇼 Malians · Taiwan
1166
-14
🇪🇸 Italians · Spain
1120
-12
Chexco9004
5:50 Loom
13:58 Feudal Age
18:32 Castle Age
軍 團 兵 2 號
jusart.92
4:17 Loom
12:20 Feudal Age
14:16 Bloodlines
22:38 Castle Age
Zuff
9:16 Loom
12:21 Feudal Age
12:52 Double-Bit Axe
15:26 Fletching
Oneyedmorty
5:20 Loom
14:10 Feudal Age
19:21 Castle Age
18:39 Double-Bit Axe
19:12 Bloodlines
19:49 Forging
21:43 Scale Barding Armor
Damzleboss
13:03 Feudal Age
17:34 Castle Age
16:05 Double-Bit Axe
Connection lost

Rejoining the realm…

Still unreachable

The connection could not be restored.

Session expired

The server has moved on; the page needs a fresh start.